 Dungeon Crawl Stone Soup version 0.24-a0-218-ga595e75 (console) character file.

Game seed: 8007282082019583286

47 bli the Magician (level 3, 0/36 HPs)
             Began as an Octopode Wanderer on Mar 30, 2019.
             Slain by an orc
             ... wielding a +0 war axe
              (3 damage)
             ... on level 2 of the Dungeon.
             The game lasted 00:05:31 (1784 turns).

bli the Magician (Octopode Wanderer)                Turns: 1784, Time: 00:05:31

Health: 0/36       AC: 21    Str: 12    XL:     3   Next: 70%
Magic:  6/8        EV:  2    Int: 13    God:
Gold:   60         SH:  0    Dex: 12    Spells: 8/10 levels left

rFire    . . .     SeeInvis .   a - +2 dagger
rCold    . . .     Gourm    .   (no shield)
rNeg     + + +     Faith    .   (helmet currently unavailable)
rPois    +         Spirit   .   (no amulet)
rElec    .         Reflect  .   (no ring)
rCorr    .         Harm     .   (no ring)
MR       .....     NoTele   +   (no ring)
Stlth    ++........             (no ring)
HPRegen  0.12/turn              (no ring)
MPRegen  0.11/turn              (no ring)
                                (no ring)
                                (no ring)

@: tree-form
A: almost no armour, stealthy swim, (amphibious), 8 rings, (constrict 8)
a: no special abilities


You were on level 2 of the Dungeon.
You were hungry.
You were a tree.
You visited 1 branch of the dungeon, and saw 2 of its levels.

You collected 60 gold pieces.

Inventory:

Hand Weapons
 a - a +2 dagger (weapon)
 l - a +0 hunting sling
Missiles
 j - 32 sling bullets
 m - 40 stones (quivered)
 o - 3 throwing nets
Scrolls
 b - a scroll of fear
 e - a scroll of identify {unknown}
 h - a scroll of fog {unknown}
 i - a scroll of enchant weapon {unknown}
 k - a scroll of teleportation {unknown}
 n - 3 scrolls of enchant armour {unknown}
 p - a scroll of magic mapping {unknown}
 q - 2 scrolls of remove curse {unknown}
Potions
 d - a potion of curing
 g - a potion of lignification
Comestibles
 f - 3 rations


   Skills:
 + Level 2.2 Fighting
 * Level 1.9 Short Blades
 * Level 1.2 Dodging
 + Level 3.5 Stealth
   Level 1.0 Shields
 - Level 4.0 Spellcasting
   Level 1.0 Transmutations
 + Level 0.2 Ice Magic


You had 8 spell levels left.
You knew the following spells:

 Your Spells              Type           Power        Failure   Level  Hunger
H - Ensorcelled Hibernat  Hex/Ice        #.....       30%         2    ##.....

Your spell library contained the following spells:

 Spells                   Type           Power        Failure   Level  Hunger
 Throw Frost              Conj/Ice       #.....       30%         2    ##.....


Dungeon Overview and Level Annotations

Branches:
Dungeon (2/15)

Altars:
Fedhas
Kikubaaqudgha
The Shining One


Innate Abilities, Weirdness & Mutations

You cannot wear most types of armour.
You are very stealthy in the water. (Stealth+)
((You are amphibious.))
You can wear up to eight rings at the same time.
((You can use your tentacles to constrict eight enemies at once.))
((Your skin changes colour to match your surroundings (Stealth+).))
((Your rubbery body absorbs attacks. (AC +1, EV +1)))


Message History

Casting: Ensorcelled Hibernation (safe; 30% risk of failure)
Confirm with . or Enter, or press ? or * to list all spells.
Aiming: Ensorcelled Hibernation (safe; 30% risk of failure)
Press: ? - help, Shift-Dir - straight line, f - orc priest
Aim: an orc priest, wielding a +0 flail and wearing a +0 scale mail (chance to defeat MR: 34%)
The orc looks drowsy...
You constrict the orc.
The orc priest drinks a potion.
The orc priest seems to speed up.
The helpless orc fails to defend itself.
You puncture the orc!
You kill the orc!
The orc priest barely misses you.
You hit the orc priest. You grab the orc priest.
The orc priest is lightly wounded.
You constrict the orc priest, but do no damage.
The orc hits you with a +0 war axe.
* * * LOW HITPOINT WARNING * * *
The orc priest hits you with a +0 flail.
* * * LOW HITPOINT WARNING * * *
It was a potion of lignification.
You turn into a tree.
Your roots penetrate the ground.
You lose your grip on the orc priest.
The orc hits you with a +0 war axe.
You die...

.#####............##### .#
###.###.#[#......... .#
#.........#........ .#
###............###.#. #.#
.#####.#####.#.......... #.#
.#...........#...####.# #.#
.#.###.#####.#....#.#.#######.#
.......# ###.#......#......##.#
##.##..###........########.##.#
#.##..................)...##.#
#.##...........♣o.........##.#
#.##.#.##.#.#.#o)..........#.#
#...........#.#o..#######....#
#.####.##.#.#.#...# ##.### #.#
#.##.#.#.#...########.# #.#
#....#.#.#............#
#.#######.....<...##########
#...........####..#
###########......## ######.#
#.#


You could see 2 orc priests and an orc.

Vanquished Creatures
  A worm (D:2)
  2 dart slugs
  A leopard gecko (D:1)
  3 orcs (D:2)
  2 ball pythons (D:1)
  3 bats (D:1)
  A giant cockroach (D:2)
  5 hobgoblins
  3 jackals (D:1)
  A quokka (D:2)
  3 frilled lizards
  3 goblins
  3 kobolds (D:1)
  2 rats (D:1)
33 creatures vanquished.

Notes
Turn   | Place    | Note
-------+----------+-------------------------------------------
     0 | D:1      | bli the Octopode Wanderer began the quest for the Orb.
     0 | D:1      | bli set off with the following items: a +2 dagger, a scroll
                  | of fear, a potion of curing, a ration; and the following
                  | spells available to memorise: Ensorcelled Hibernation,
                  | Throw Frost
     0 | D:1      | Reached XP level 1. HP: 14/14 MP: 5/5
   128 | D:1      | Reached XP level 2. HP: 16/19 MP: 7/7
   132 | D:1      | Learned a level 2 spell: Ensorcelled Hibernation
   140 | D:1      | Reached skill level 1 in Short Blades
   272 | D:1      | Reached skill level 1 in Dodging
   280 | D:1      | Found a glowing golden altar of the Shining One.
   519 | D:1      | Reached XP level 3. HP: 19/24 MP: 8/8
   841 | D:2      | Found a blossoming altar of Fedhas.
   843 | D:2      | Found an ancient bone altar of Kikubaaqudgha.
  1783 | D:2      | HP: 1/24 [orc priest/+0 flail (5)]
  1784 | D:2      | Slain by an orc

Levels and vault maps discovered:
D:1:      wander_arrival_peaceful_grave, layout_loops_ring,
          chequers_serial_rivers_micro_c, chequers_serial_rivers_marsh,
          chequers_serial_rivers_room_b, tso_metal_star
D:2:      cheibrodos_pilgrimage, layout_basic,
          grunt_temple_overflow_growth_and_decay

Skill      XL: |  1  2 |
---------------+-------+-----
Short Blades   | 1 |  1.9
Dodging        | 1 |  1.2
Stealth        | 3 |  3.5
Fighting       | |  2.2
Shields        | |  1.0
Spellcasting   | |  4.0
Transmutations | |  1.0
Ice Magic      | |  0.2

Action                   || total
-------------------------++-------
Melee: Dagger            ||    62
       Constrict         ||    19
       Tentacles         ||     5
 Cast: Ensorcelled Hiber ||     3
  Use: Potion            ||     1
 Stab: Sleeping          ||    14
  Eat: Chunk             ||     2
Armor: Skin              ||     3
Dodge: Dodged            ||    32

Table legend:
 A = Non-vault XP
 B = Vault XP
 C = Vault XP percentage of total XP
 D = Non-vault monster count
 E = Vault monster count
 F = Vault count percentage of total count
                 A         B        C        D         E       F
            +---------+---------+-------+---------+---------+-------
      Total |      59 |       9 |  13.2 |      30 |       3 |   9.1
            +---------+---------+-------+---------+---------+-------
        D:1 |      39 |       0 |   0.0 |      22 |       0 |   0.0
        D:2 |      20 |       9 |  31.0 |       8 |       3 |  27.3
            +---------+---------+-------+---------+---------+-------
